[Event "XXXV Magistral de Leon 2022"]
[Site "Leon"]
[Date "2022.07.10"]
[Round "2.5"]
[White "Anand, Viswanathan"]
[Black "Gelfand, Boris"]
[Result "0-1"]
[ECO "B30"]
[WhiteElo "2756"]
[BlackElo "2668"]
[Annotator "TA"]
[PlyCount "68"]
[EventDate "2022.07.08"]
[EventType "k.o."]
[EventCountry "ESP"]
[SourceTitle "playchess.com"]
[Source "ChessBase"]
[SourceQuality "1"]
[TimeControl "300+3"]

1. e4 c5 2. Nf3 Nc6 3. Bb5 e6 4. Bxc6 bxc6 5. d3 Ne7 (5... Qc7 6. O-O Ne7 7. h4 e5 8. h5 h6 9. Nh2 d6 10. f4 exf4 11. Bxf4 g5 12. Bd2 Bg7 13. Bc3 O-O 14. Bxg7 Kxg7 15. Qd2 Be6 16. Qc3+ f6 {1-0 (49) Anand,V (2753)-Gelfand,B (2676) chess24.com INT 2020}) 6. Nbd2 {[%emt 0:00:02] B30: Sicilian: 2...Nc6 3 Bb5, lines without ...g6.} d6 7. e5 Nf5 8. exd6 {[%emt 0:00:04] White is slightly better.} Bxd6 9. Nc4 Be7 10. O-O {[%emt 0:00:05] [#]} f6 $146 ({Predecessor:} 10... O-O 11. Re1 Rb8 12. Bf4 Rb4 13. Nfe5 Bd7 14. c3 Rb7 15. Qa4 Qc8 16. Nxd7 Qxd7 {1-0 (31) Damjanovic,V (2393)-Aung,T (2268) Chess.com INT 2021}) 11. Nfd2 O-O 12. Ne4 {[%emt 0:00:09] Pair of Knights!} e5 13. b3 Be6 14. Ba3 Bxc4 15. dxc4 Nd4 16. Bxc5 Bxc5 17. Nxc5 {[%emt 0:00:02] And now c3 would win.} Qe7 18. Na4 Rad8 {[%emt 0:00:15][%cal Od4b3] Hoping for ...Nxb3!} 19. c3 $1 Ne6 20. Qf3 Qc7 (20... f5 $14) 21. Rad1 $16 f5 22. Rxd8 Nxd8 23. Nc5 Qe7 24. b4 e4 25. Qf4 g5 26. Qe3 Nf7 27. f3 Ne5 28. fxe4 f4 29. Qe2 (29. Qh3 $1 $16) 29... g4 $14 30. Nd3 {[%emt 0:00:04] Strongly threatening Nxe5.} f3 $36 {[%emt 0:00:01][%mdl 2048] Black is more active.} 31. Qe3 {[%emt 0:00:01] Black must now prevent Nxe5.} Nxc4 32. Qc5 {[%emt 0:00:19] [#]} (32. Qd4 $11 Nd2 33. Rd1) 32... Qxc5+ $1 $17 {[%emt 0:00:17][%mdl 64] Remove Defender} ({But not} 32... Qxe4 $6 33. Nf2 Qe2 34. Qg5+ Kh8 35. Qh6 $11) 33. Nxc5 Ne3 $1 {[%emt 0:00:01][%csl LRf1,LRg2] Black is more active.} 34. Rf2 {[%emt 0:00:08][%mdl 8192] [#]} (34. Nd7 $17 Rd8 35. Re1 Rxd7 36. Rxe3 Rd1+ 37. Kf2 Rd2+ 38. Kf1) 34... Rd8 $1 {[%emt 0:00:07] What a bad dream for White.  Weighted Error Value: White=0.50/Black=0.09 (flawless)} 0-1

[Event "XXXV Magistral de Leon 2022"]
[Site "Leon"]
[Date "2022.07.10"]
[Round "2.6"]
[White "Gelfand, Boris"]
[Black "Anand, Viswanathan"]
[Result "1-0"]
[ECO "D11"]
[WhiteElo "2668"]
[BlackElo "2756"]
[Annotator "TA"]
[PlyCount "90"]
[EventDate "2022.07.08"]
[EventType "k.o."]
[EventCountry "ESP"]
[SourceTitle "playchess.com"]
[Source "ChessBase"]
[SourceQuality "1"]
[TimeControl "300+3"]

1. d4 d5 2. Nf3 Nf6 3. c4 c6 4. e3 a6 5. Nbd2 Bf5 6. Nh4 {[%emt 0:00:04] D11: Slav Defence: 3 Nf3 sidelines and 3...Nf6 4 e3 Bg4.} e6 7. Qb3 Ra7 8. Nxf5 {[%emt 0:00:15] White is slightly better.} exf5 {[%emt 0:00:03] [#]} 9. Bd3 $146 ({Predecessor:} 9. g3 Be7 10. Bg2 O-O 11. O-O b5 12. cxd5 cxd5 13. a4 b4 14. Qd3 g6 15. Nb3 {0-1 (61) San Segundo Carrillo,P (2536)-Anand,V (2779) Villarrobledo 2006}) 9... g6 10. Qc2 Bd6 11. b3 (11. c5 $5 Bc7 12. b4 $14) 11... O-O 12. Bb2 b5 13. c5 (13. O-O $14 {was preferrable.}) 13... Bc7 $11 14. O-O-O Nbd7 15. h3 Re8 16. Rde1 Ba5 17. Bc3 (17. Reg1 $11) 17... Bxc3 $17 18. Qxc3 a5 19. Bc2 Ne4 20. Nxe4 dxe4 21. g4 $1 fxg4 (21... f4 $5) 22. hxg4 Nf6 (22... b4 {seems wilder.} 23. Qc4 Qg5 24. Bd1 Nf6) 23. Bd1 Nd5 24. Qd2 {[%emt 0:00:02] The position is equal.} Qg5 25. f4 exf3 $1 26. Bxf3 Rd7 27. e4 Nf4 28. Kb1 $1 Red8 (28... Ne6 $5 29. Qh2 h6 $11) 29. d5 Qe5 30. g5 Qxg5 31. Qh2 h5 32. Bxh5 Nxh5 (32... Qxh5 $2 33. Qxf4 Rxd5 34. Rxh5 $18) 33. Reg1 $1 Qe3 34. Qxh5 $1 {[%csl Gh1][%cal Rh5h8] [#]} Qxe4+ 35. Kc1 Qe3+ 36. Kc2 $1 (36. Kb1 $2 Qd3+ 37. Kb2 Qd4+ 38. Kb1 Qg7 $19) 36... Qxc5+ (36... Kf8 $2 37. Qh8+ Ke7 38. Re1 Rxh8 39. Rxe3+ Kf6 40. Rxh8 $18) 37. Kb1 Qd4 {[%emt 0:00:18] [#] Inhibits Qh8+. ...Qg7 is the strong threat.} 38. dxc6 $40 {[%emt 0:00:10][%cal Bd5c6,Bc6c7][%mdl 160] White is up to no good.} Qe4+ 39. Ka1 Qd4+ 40. Kb1 Rd6 41. c7 {[%emt 0:00:02] White threatens Rxg6+ and mate. Chess con chili.} ({Not} 41. Qxb5 $2 Qe4+ 42. Ka1 Rd2 $19) 41... Qe4+ 42. Ka1 Qd4+ 43. Kb1 {Intending Rxg6+ and mate.} Qd3+ 44. Ka1 Qc3+ 45. Kb1 {White wants to mate with Rxg6+.} Rd2 $2 {[%mdl 8192] Weighted Error Value: White=0.08 (flawless) /Black=0.07 (flawless)} (45... Qd3+ $11 46. Kb2 Qd4+ 47. Kb1) 1-0